 Dungeon Crawl Stone Soup version bcrawl-1.28.1b (webtiles) character file.

Game seed: 6752599508333533496

118272 Morbidden the Ducker (level 5, 0/45 HPs)
             Began as a Hill Orc Archaeologist on Dec 16, 2020.
             Slain by a worker ant (4 damage)
             ... on level 4 of the Dungeon.
             The game lasted 00:04:39 (3781 turns).

Morbidden the Ducker (Hill Orc Archaeologist)       Turns: 3781, Time: 00:04:39

Health: 0/45       AC:  7    Str: 14    XL:     5   Next: 77%
Magic:  0/5        EV: 13    Int: 15    God:
Gold:   272        SH:  0    Dex:  9    Spells: 4/4 levels left

rFire    . . .     SeeInvis .   t - +2 dagger (elec)
rCold    . . .     Gourm    .   (no shield)
rNeg     . . .     Faith    .   b - +1 robe
rPois    .         Spirit   +   p - +0 helmet
rElec    .         Reflect  .   f - scarf {Spirit}
rCorr    .         Harm     .   m - +0 pair of gloves
MR       .....                  d - +1 pair of boots
Stlth    ++........             (no amulet)
HPRegen  0.15/turn              (no ring)
MPRegen  0.09/turn              (no ring)

@: no status effects
A: no striking features
a: no special abilities


You were on level 4 of the Dungeon.
You were not hungry.

You visited 1 branch of the dungeon, and saw 4 of its levels.

You collected 272 gold pieces.

Inventory:

Hand Weapons
 t - a +2 dagger of electrocution (weapon)
Missiles
 n - a throwing net {=f}
Armour
 b - a +1 robe (worn)
 d - a +1 pair of boots (worn)
 f - a scarf of spirit shield (worn)
 m - a +0 pair of gloves (worn)
 p - a +0 helmet (worn)
Wands
 c - a wand of iceblast (11)
Scrolls
 g - a scroll of magic mapping
 h - a scroll of fear
 i - 3 scrolls of teleportation
 o - 4 scrolls of identify
 s - 2 scrolls of remove curse
Potions
 a - 4 potions of curing
 k - a potion of cancellation {unknown}
 l - a potion of brilliance {unknown}
 q - a potion of degeneration {unknown}
 r - a potion of mutation {unknown}
Comestibles
 e - 7 rations {!d}
 j - a chunk of flesh


   Skills:
 * Level 3.1 Fighting
   Level 3.1 Short Blades
   Level 3.1 Long Blades
   Level 3.1 Axes
   Level 3.1 Maces & Flails
   Level 3.1 Polearms
   Level 3.1 Staves
 + Level 3.8 Dodging
 + Level 3.3 Stealth
   Level 3.1 Unarmed Combat
 * Level 0.2 Spellcasting


You had 4 spell levels left.
You didn't know any spells.
Your spell library was empty.

Dungeon Overview and Level Annotations

Branches:
Dungeon (4/12)
 Temple: D:4-7

Altars:
Elyvilon
Sif Muna
Uskayaw


Message History

You feel sick.
The worker ant bites you but does no damage.
You hit the worker ant but do no damage.
The worker ant is heavily wounded.
The worker ant bites you.
* * * LOW HITPOINT WARNING * * *
The iguana barely misses you.
No path to travel!
You hit the worker ant.
The worker ant is heavily wounded.
The worker ant misses you. The iguana bites you!
* * * LOW HITPOINT WARNING * * *
No path to travel!
You feel better. The worker ant closely misses you. The iguana bites you!
* * * LOW HITPOINT WARNING * * *
The worker ant bites you but does no damage.
You hit the worker ant.
The worker ant is severely wounded.
The worker ant bites you.
You die...

........#######
........#......
...............
.....(.........
.......<.......
####..#........
#.........$..
....#l#........
... #@ar.......
## ###........
#........
.........
#........
#........
.........
##.......


You could see an iguana, a worker ant and a quokka.

Vanquished Creatures
  2 orc wizards (D:3)
  A bullfrog skeleton (D:3)
  A worker ant (D:2)
  2 adders (D:3)
  An ooze (D:1)
  2 worms
  A dart slug (D:3)
  6 leopard geckos (D:2)
  An orc (D:4)
  A ball python (D:2)
  6 bats
  7 hobgoblins
  7 jackals (D:2)
  2 frilled lizards
  9 goblins
  4 kobolds
  5 rats
58 creatures vanquished.

Vanquished Creatures (others)
  A goblin (D:2)
1 creature vanquished.

Grand Total: 59 creatures vanquished

Notes
Turn   | Place    | Note
-------+----------+-------------------------------------------
     0 | D:1      | Morbidden the Hill Orc Archaeologist began the quest for
                  | the Orb.
     0 | D:1      | Reached XP level 1. HP: 16/16 MP: 1/1
   153 | D:1      | Reached XP level 2. HP: 24/24 MP: 2/2
   563 | D:1      | Reached XP level 3. HP: 22/29 MP: 3/3
  1077 | D:2      | Found a white marble altar of Elyvilon.
  1750 | D:2      | Found a hide-covered altar of Uskayaw.
  1750 | D:2      | Noticed a +0 dagger
  1751 | D:2      | Noticed a +0 dagger
  1785 | D:2      | Paralysed by fainting for 8 turns
  1796 | D:2      | Paralysed by fainting for 7 turns
  2078 | D:2      | Reached XP level 4. HP: 36/36 MP: 4/4
  3007 | D:3      | Reached XP level 5. HP: 17/42 MP: 5/5
  3007 | D:3      | Identified a scroll of acquirement
  3007 | D:3      | Identified the +1 quick blade of Busef {venom, rF+ rC+
                  | Int+2 Dex-4} (You acquired it on level 3 of the Dungeon)
  3551 | D:3      | Found a shimmering blue altar of Sif Muna.
  3781 | D:4      | Slain by a worker ant

Skill      XL: |  1  2  3  4  5 |
---------------+----------------+-----
Stealth        | 3 |  3.3
Fighting       | 2 3 |  3.1
Dodging        | 3 |  3.8
Short Blades   | |  3.1
Long Blades    | |  3.1
Axes           | |  3.1
Maces & Flails | |  3.1
Polearms       | |  3.1
Staves         | |  3.1
Unarmed Combat | |  3.1
Spellcasting   | |  0.2

Action                   |  1- 3 |  4- 6 || total
-------------------------+-------+-------++-------
Melee: Whip              |    38 |       ||    38
       Dagger            |   374 |   154 ||   528
       Punch             |     3 |       ||     3
Evoke: Wand              |       |     2 ||     2
  Use: Scroll            |     2 |     3 ||     5
       Potion            |     1 |     2 ||     3
 Stab: Sleeping          |     2 |     4 ||     6
  Eat: Chunk             |    11 |     9 ||    20
       Ration            |     1 |       ||     1
Armor: Robe              |   159 |    38 ||   197
Dodge: Dodged            |   277 |    97 ||   374
